General information
- name: BNet
- type: Ladder team game (AT/RT)
- host: Battle.net
- saver: cinnamontoast
map: GoldRush
- players: 8
- length: 52:11
- speed: Fast
- version: 1.23 W3XP
- replay type: Public
» download(425 KB)
Players
team 1 (winner)
cinnamontoast (
red | 90 APM | 4680 actions | 52:11)
10 Blademaster
3 Wind Walk
3 Critical Strike
1 Bladestorm
3 Mirror Image
» actions
| Assign group hotkey | 8 | |
| Basic commands | 22 | |
| Build / train | 120 | |
| ESC pressed | 9 | |
| Enter build submenu | 178 | |
| Enter hero's abilities submenu | 10 | |
| Give item / drop item | 10 | |
| Right click | 2034 | |
| Select / deselect | 375 | |
| Select group hotkey | 1416 | |
| Use ability | 498 | |
4680 total
» units
» upgrades
| Spiked Barricades | 3 | |
| Reinforced Defenses | 1 | |
| Armor | 3 | |
| Liquid Fire | 1 | |
| Ranged Weapons | 2 | |
10 total
» buildings
| Altar of Storms | 1 | |
| Orc Burrow | 4 | |
| Voodoo Lounge | 7 | |
| War Mill | 3 | |
| Watch Tower | 183 | |
| Stronghold | 1 | |
| Great Hall | 6 | |
| Fortress | 1 | |
| Beastiary | 3 | |
209 total
» build order
00:06 Altar of Storms
00:19 Orc Burrow
00:51 Voodoo Lounge
01:07 War Mill
01:56 Orc Burrow
02:38 Watch Tower
03:03 Stronghold
03:35 Watch Tower
03:47 Watch Tower
03:53 Watch Tower
04:09 Watch Tower
05:29 Voodoo Lounge
05:32 Voodoo Lounge
05:37 Orc Burrow
05:54 Great Hall
06:10 Watch Tower
06:12 Watch Tower
06:29 Watch Tower
07:32 Fortress
07:39 Watch Tower
07:39 Watch Tower
08:21 Watch Tower
08:38 Great Hall
09:06 Watch Tower
09:17 Watch Tower
09:29 Watch Tower
09:40 War Mill
10:24 Watch Tower
10:26 Watch Tower
10:45 Watch Tower
10:53 Watch Tower
10:56 Watch Tower
12:01 Watch Tower
13:22 Watch Tower
13:23 Watch Tower
13:24 Watch Tower
13:26 Watch Tower
13:27 Watch Tower
13:27 Watch Tower
13:55 Watch Tower
13:55 Watch Tower
13:56 Watch Tower
13:58 Watch Tower
13:58 Watch Tower
13:59 Watch Tower
14:15 Watch Tower
14:15 Watch Tower
14:19 Watch Tower
14:20 Watch Tower
14:59 Voodoo Lounge
15:20 Watch Tower
15:21 Watch Tower
15:21 Watch Tower
15:47 Watch Tower
15:48 Watch Tower
15:48 Watch Tower
15:49 Watch Tower
15:55 Beastiary
15:56 Beastiary
15:57 Beastiary
17:44 Watch Tower
17:45 Watch Tower
17:49 Watch Tower
18:17 Orc Burrow
19:03 Watch Tower
19:04 Watch Tower
19:06 Watch Tower
19:07 Watch Tower
19:23 Watch Tower
19:24 Watch Tower
19:26 Watch Tower
19:27 Watch Tower
19:29 Watch Tower
19:31 Watch Tower
19:31 Watch Tower
19:32 Watch Tower
20:22 Watch Tower
20:25 Watch Tower
20:28 Watch Tower
20:42 Watch Tower
20:44 Watch Tower
20:45 Watch Tower
21:31 Watch Tower
21:31 Watch Tower
21:34 Watch Tower
22:09 Watch Tower
22:12 Watch Tower
22:16 Watch Tower
22:31 Voodoo Lounge
25:24 Watch Tower
26:16 Watch Tower
27:37 Watch Tower
27:37 Watch Tower
27:38 Watch Tower
27:39 Watch Tower
28:00 Watch Tower
28:00 Watch Tower
28:08 Watch Tower
28:09 Watch Tower
28:13 Watch Tower
28:14 Watch Tower
28:15 Voodoo Lounge
29:43 Watch Tower
30:48 Watch Tower
30:50 Watch Tower
30:50 Watch Tower
31:14 War Mill
31:27 Watch Tower
31:27 Watch Tower
35:58 Great Hall
36:01 Watch Tower
36:02 Watch Tower
36:03 Watch Tower
36:33 Great Hall
36:39 Watch Tower
36:40 Watch Tower
36:40 Watch Tower
36:42 Watch Tower
37:17 Watch Tower
37:19 Watch Tower
37:20 Watch Tower
37:21 Watch Tower
37:22 Watch Tower
37:23 Watch Tower
37:24 Watch Tower
37:24 Watch Tower
37:26 Watch Tower
37:26 Watch Tower
37:27 Watch Tower
37:28 Watch Tower
37:29 Watch Tower
37:51 Watch Tower
37:53 Watch Tower
37:54 Watch Tower
37:56 Watch Tower
39:01 Watch Tower
39:01 Watch Tower
39:01 Watch Tower
39:05 Watch Tower
39:21 Watch Tower
40:07 Watch Tower
40:10 Watch Tower
40:10 Watch Tower
40:11 Watch Tower
40:13 Watch Tower
41:20 Watch Tower
41:22 Watch Tower
41:22 Watch Tower
41:23 Watch Tower
41:24 Watch Tower
41:25 Watch Tower
41:26 Watch Tower
41:27 Watch Tower
41:27 Watch Tower
41:40 Watch Tower
41:41 Watch Tower
41:42 Watch Tower
41:42 Watch Tower
41:57 Watch Tower
41:58 Watch Tower
41:59 Watch Tower
42:00 Watch Tower
42:35 Watch Tower
43:52 Great Hall
43:56 Watch Tower
43:57 Watch Tower
43:58 Watch Tower
44:00 Watch Tower
44:02 Watch Tower
44:03 Watch Tower
44:04 Watch Tower
44:04 Watch Tower
44:05 Watch Tower
44:06 Watch Tower
44:55 Watch Tower
44:57 Watch Tower
44:59 Watch Tower
45:00 Watch Tower
45:01 Watch Tower
45:11 Watch Tower
45:13 Watch Tower
45:15 Watch Tower
45:16 Watch Tower
46:17 Watch Tower
46:18 Watch Tower
46:19 Watch Tower
46:20 Watch Tower
46:20 Watch Tower
47:09 Watch Tower
47:09 Watch Tower
47:19 Watch Tower
47:20 Watch Tower
47:21 Watch Tower
47:22 Watch Tower
49:12 Watch Tower
49:27 Voodoo Lounge
49:29 Watch Tower
49:30 Watch Tower
49:50 Watch Tower
49:50 Watch Tower
49:50 Watch Tower
50:18 Watch Tower
50:27 Great Hall
50:43 Watch Tower
51:01 Watch Tower
51:31 Watch Tower
51:31 Watch Tower
51:33 Watch Tower
51:42 Watch Tower
» items
| Healing Salve | 5 | |
| Lesser Clarity Potion | 6 | |
| Boots of Speed | 1 | |
| Staff of Teleportation | 1 | |
| Circlet of Nobility | 1 | |
| Orb of Lightning | 1 | |
| Potion of Healing | 8 | |
| Potion of Mana | 6 | |
29 total
GoToYurup (
blue | 108 APM | 5658 actions | 52:11)
8 Blademaster
3 Wind Walk
3 Critical Strike
1 Bladestorm
1 Mirror Image
4 Shadow Hunter
2 Healing Wave
2 Hex
5 Tauren Chieftain
3 Endurance Aura
2 Shockwave
1 Mountain King
1 Avatar
» actions
| Assign group hotkey | 328 | |
| Basic commands | 99 | |
| Build / train | 183 | |
| ESC pressed | 5 | |
| Enter build submenu | 71 | |
| Enter hero's abilities submenu | 20 | |
| Give item / drop item | 11 | |
| Remove unit from queue | 3 | |
| Right click | 2585 | |
| Select / deselect | 1044 | |
| Select group hotkey | 959 | |
| Use ability | 347 | |
5658 total
» units
| Peon | 28 | |
| Troll Batrider | 17 | |
| Troll Headhunter/Berserker | 7 | |
| Tauren | 3 | |
| Shaman | 3 | |
| Troll Witch Doctor | 2 | |
| Kodo Beast | 2 | |
| Raider | 1 | |
| Spirit Walker | 2 | |
65 total
» upgrades
| Reinforced Defenses | 1 | |
| Liquid Fire | 2 | |
| Ranged Weapons | 3 | |
| Armor | 3 | |
| Melee Weapons | 3 | |
| Shaman Training | 2 | |
| War Drums Damage Increase | 2 | |
| Spiked Barricades | 3 | |
| Berserker Strength | 1 | |
| Pulverize | 1 | |
| Witch Doctor Training | 2 | |
| Berserker Upgrade | 1 | |
| Troll Regeneration | 1 | |
| Burning Oil | 1 | |
| Envenomed Spears | 1 | |
| Ensnare | 1 | |
| Spirit Walker Training | 2 | |
30 total
» buildings
| Altar of Storms | 1 | |
| Orc Burrow | 8 | |
| War Mill | 2 | |
| Watch Tower | 36 | |
| Voodoo Lounge | 1 | |
| Stronghold | 2 | |
| Great Hall | 2 | |
| Fortress | 2 | |
| Beastiary | 4 | |
| Tauren Totem | 2 | |
| Spirit Lodge | 2 | |
| Barracks | 5 | |
67 total
» build order
00:07 Altar of Storms
00:09 Orc Burrow
00:31 War Mill
01:49 Watch Tower
01:55 Watch Tower
02:12 Orc Burrow
02:39 Watch Tower
03:10 Watch Tower
03:12 Watch Tower
03:30 Voodoo Lounge
04:53 Stronghold
04:53 Stronghold
05:29 Orc Burrow
05:53 Great Hall
05:58 Watch Tower
06:08 Watch Tower
06:26 Watch Tower
06:53 Watch Tower
06:54 Watch Tower
07:07 Watch Tower
07:10 Watch Tower
08:04 Watch Tower
08:08 Watch Tower
09:31 Fortress
09:32 Fortress
09:33 Beastiary
09:55 Beastiary
10:57 Watch Tower
10:58 Watch Tower
10:59 Watch Tower
11:00 Watch Tower
11:11 War Mill
12:29 Great Hall
12:44 Watch Tower
12:45 Watch Tower
14:19 Watch Tower
14:20 Watch Tower
14:21 Watch Tower
14:22 Watch Tower
14:23 Watch Tower
14:24 Watch Tower
14:27 Watch Tower
14:28 Watch Tower
14:30 Tauren Totem
14:54 Spirit Lodge
17:19 Watch Tower
17:20 Watch Tower
17:23 Watch Tower
17:23 Watch Tower
18:49 Beastiary
18:50 Barracks
27:00 Orc Burrow
27:01 Orc Burrow
27:03 Orc Burrow
27:04 Orc Burrow
27:07 Barracks
27:08 Barracks
27:09 Barracks
27:13 Spirit Lodge
27:14 Tauren Totem
27:17 Beastiary
28:48 Orc Burrow
28:57 Barracks
38:11 Watch Tower
38:11 Watch Tower
38:11 Watch Tower
38:12 Watch Tower
» items
| Boots of Speed | 1 | |
| Staff of Teleportation | 2 | |
| Healing Salve | 6 | |
| Lesser Clarity Potion | 6 | |
| Scroll of Speed | 2 | |
| Potion of Healing | 3 | |
| Orb of Lightning | 1 | |
| Periapt of Vitality | 1 | |
| Scroll of Town Portal | 3 | |
| Potion of Mana | 2 | |
27 total
MyCreation (
purple | 39 APM | 1032 actions | 26:17)
5 Mountain King
3 Storm Bolt
2 Bash
» actions
| Assign group hotkey | 7 | |
| Basic commands | 9 | |
| Build / train | 132 | |
| Enter build submenu | 44 | |
| Enter hero's abilities submenu | 5 | |
| Give item / drop item | 3 | |
| Remove unit from queue | 6 | |
| Right click | 412 | |
| Select / deselect | 267 | |
| Select group hotkey | 9 | |
| Use ability | 138 | |
1032 total
» units
| Peasant | 24 | |
| Sorceress | 2 | |
| Forest Troll Shadow Priest | 1 | |
27 total
» upgrades
| Masonry | 3 | |
| Magic Sentry | 1 | |
| Sorceress Training | 2 | |
6 total
» buildings
| Altar of Kings | 1 | |
| Lumber Mill | 1 | |
| Farm | 8 | |
| Scout Tower | 87 | |
| Arcane Tower | 11 | |
| Guard Tower | 57 | |
| Keep | 1 | |
| Arcane Vault | 1 | |
| Castle | 1 | |
| Town Hall | 2 | |
| Arcane Sanctum | 1 | |
171 total
» build order
00:07 Altar of Kings
00:13 Lumber Mill
00:24 Farm
00:25 Farm
01:06 Scout Tower
01:44 Arcane Tower
01:53 Scout Tower
01:54 Scout Tower
02:20 Scout Tower
02:31 Guard Tower
02:48 Guard Tower
02:49 Guard Tower
03:04 Scout Tower
03:05 Scout Tower
03:06 Scout Tower
03:08 Guard Tower
03:09 Guard Tower
03:39 Guard Tower
04:07 Guard Tower
04:07 Guard Tower
04:24 Scout Tower
04:26 Scout Tower
04:27 Scout Tower
04:28 Scout Tower
04:35 Arcane Tower
04:37 Scout Tower
04:38 Scout Tower
04:40 Scout Tower
04:41 Scout Tower
04:44 Keep
04:58 Guard Tower
05:18 Guard Tower
05:18 Guard Tower
05:37 Guard Tower
05:53 Guard Tower
05:58 Arcane Vault
06:33 Guard Tower
06:40 Scout Tower
06:42 Scout Tower
06:43 Scout Tower
06:43 Scout Tower
07:30 Guard Tower
07:31 Guard Tower
07:36 Castle
07:39 Guard Tower
08:29 Guard Tower
08:33 Town Hall
08:36 Scout Tower
08:36 Scout Tower
08:37 Scout Tower
08:38 Scout Tower
08:40 Scout Tower
08:40 Scout Tower
08:41 Scout Tower
08:41 Scout Tower
08:43 Scout Tower
08:44 Scout Tower
08:46 Scout Tower
08:48 Scout Tower
08:49 Scout Tower
08:50 Scout Tower
09:18 Arcane Tower
09:18 Arcane Tower
09:28 Guard Tower
09:38 Guard Tower
09:39 Guard Tower
09:51 Guard Tower
10:07 Guard Tower
10:12 Arcane Tower
10:13 Arcane Tower
10:53 Guard Tower
11:02 Guard Tower
11:02 Guard Tower
11:15 Guard Tower
11:40 Scout Tower
11:41 Scout Tower
11:43 Scout Tower
11:44 Scout Tower
11:45 Scout Tower
11:46 Scout Tower
11:49 Scout Tower
11:50 Scout Tower
11:52 Scout Tower
11:53 Scout Tower
12:20 Arcane Sanctum
12:37 Guard Tower
12:38 Guard Tower
13:04 Guard Tower
14:19 Arcane Tower
14:19 Arcane Tower
14:22 Guard Tower
14:22 Guard Tower
14:28 Scout Tower
14:29 Scout Tower
14:30 Scout Tower
14:32 Scout Tower
14:33 Scout Tower
14:35 Scout Tower
14:36 Scout Tower
14:38 Scout Tower
15:06 Guard Tower
15:42 Scout Tower
15:43 Scout Tower
15:45 Scout Tower
15:46 Scout Tower
15:47 Scout Tower
15:48 Scout Tower
15:50 Scout Tower
15:53 Scout Tower
15:56 Scout Tower
15:57 Scout Tower
15:58 Scout Tower
16:10 Guard Tower
17:01 Guard Tower
17:01 Guard Tower
17:17 Arcane Tower
17:19 Guard Tower
17:25 Scout Tower
17:27 Scout Tower
17:28 Scout Tower
17:29 Scout Tower
17:31 Scout Tower
17:33 Scout Tower
17:34 Scout Tower
17:35 Scout Tower
17:36 Scout Tower
17:37 Scout Tower
17:38 Scout Tower
17:40 Scout Tower
17:41 Scout Tower
17:43 Guard Tower
17:48 Guard Tower
17:49 Guard Tower
17:59 Farm
17:59 Farm
18:00 Farm
18:01 Farm
18:02 Farm
18:03 Farm
18:15 Guard Tower
18:42 Guard Tower
18:42 Guard Tower
19:09 Arcane Tower
19:11 Guard Tower
19:39 Guard Tower
19:39 Guard Tower
20:08 Guard Tower
20:11 Town Hall
20:15 Scout Tower
20:17 Scout Tower
20:18 Scout Tower
20:19 Scout Tower
20:20 Scout Tower
20:21 Scout Tower
20:23 Scout Tower
20:23 Scout Tower
20:24 Scout Tower
20:26 Scout Tower
20:26 Scout Tower
20:27 Scout Tower
20:46 Arcane Tower
20:48 Guard Tower
21:46 Guard Tower
22:17 Guard Tower
22:38 Guard Tower
22:38 Guard Tower
23:06 Guard Tower
23:06 Guard Tower
» items
| Healing Salve | 2 | |
| Lesser Clarity Potion | 1 | |
| Orb of Fire | 1 | |
| Scroll of Town Portal | 3 | |
| Scroll of Regeneration | 1 | |
| Potion of Healing | 3 | |
| Potion of Lesser Invulnerability | 2 | |
| Boots of Speed | 1 | |
| Orb of Lightning | 1 | |
15 total
NUTSONyoCHIN.de (
yellow | 68 APM | 3543 actions | 52:11)
6 Blood Mage
3 Flame Strike
2 Siphon Mana
1 Summon Phoenix
1 Mountain King
1 Bash
» actions
| Assign group hotkey | 6 | |
| Basic commands | 56 | |
| Build / train | 160 | |
| ESC pressed | 8 | |
| Enter build submenu | 99 | |
| Enter hero's abilities submenu | 8 | |
| Give item / drop item | 5 | |
| Right click | 2033 | |
| Select / deselect | 388 | |
| Select group hotkey | 401 | |
| Use ability | 379 | |
3543 total
» units
» upgrades
| Masonry | 3 | |
| Lumber Harvesting | 2 | |
| Magic Sentry | 1 | |
6 total
» buildings
| Altar of Kings | 1 | |
| Lumber Mill | 1 | |
| Farm | 3 | |
| Scout Tower | 177 | |
| Arcane Tower | 4 | |
| Town Hall | 6 | |
| Guard Tower | 64 | |
| Keep | 1 | |
| Arcane Vault | 1 | |
| Arcane Sanctum | 1 | |
| Castle | 1 | |
260 total
» build order
00:07 Altar of Kings
00:13 Lumber Mill
00:15 Farm
00:51 Farm
01:19 Scout Tower
01:45 Scout Tower
01:47 Arcane Tower
02:07 Scout Tower
03:07 Town Hall
03:48 Scout Tower
03:49 Scout Tower
03:50 Scout Tower
03:51 Scout Tower
03:52 Scout Tower
03:58 Farm
04:05 Guard Tower
04:45 Guard Tower
04:53 Scout Tower
04:54 Scout Tower
05:34 Guard Tower
05:39 Guard Tower
05:43 Scout Tower
05:44 Scout Tower
05:47 Guard Tower
06:13 Guard Tower
06:52 Town Hall
07:01 Scout Tower
07:02 Scout Tower
07:03 Scout Tower
07:03 Scout Tower
07:41 Guard Tower
07:45 Scout Tower
07:46 Scout Tower
07:47 Scout Tower
07:49 Scout Tower
08:26 Guard Tower
08:30 Scout Tower
08:31 Scout Tower
08:34 Scout Tower
08:36 Scout Tower
08:45 Scout Tower
08:45 Scout Tower
08:49 Keep
09:02 Arcane Tower
09:03 Guard Tower
09:11 Guard Tower
09:28 Arcane Tower
09:31 Guard Tower
09:33 Guard Tower
10:44 Guard Tower
10:51 Guard Tower
10:56 Scout Tower
10:57 Scout Tower
10:59 Scout Tower
11:00 Scout Tower
11:00 Scout Tower
11:01 Scout Tower
11:06 Arcane Vault
11:12 Guard Tower
11:25 Guard Tower
11:27 Guard Tower
11:47 Scout Tower
11:47 Scout Tower
11:48 Scout Tower
12:02 Guard Tower
12:27 Town Hall
12:31 Scout Tower
12:32 Scout Tower
12:33 Scout Tower
12:34 Scout Tower
12:35 Scout Tower
12:36 Scout Tower
12:42 Scout Tower
12:43 Scout Tower
12:43 Scout Tower
12:44 Scout Tower
13:21 Arcane Sanctum
14:20 Guard Tower
14:24 Castle
14:26 Scout Tower
14:27 Scout Tower
14:27 Scout Tower
14:29 Scout Tower
14:29 Scout Tower
14:30 Scout Tower
14:36 Scout Tower
14:37 Scout Tower
14:38 Scout Tower
14:38 Scout Tower
14:39 Scout Tower
14:41 Scout Tower
14:43 Scout Tower
14:44 Scout Tower
14:45 Scout Tower
14:46 Scout Tower
14:47 Scout Tower
14:52 Scout Tower
15:21 Guard Tower
15:32 Guard Tower
15:43 Guard Tower
17:24 Guard Tower
18:21 Scout Tower
18:22 Scout Tower
18:23 Scout Tower
18:24 Scout Tower
18:25 Scout Tower
18:26 Scout Tower
18:27 Scout Tower
18:28 Scout Tower
18:41 Scout Tower
18:41 Scout Tower
18:42 Scout Tower
19:27 Guard Tower
19:38 Guard Tower
19:51 Scout Tower
19:52 Scout Tower
19:53 Scout Tower
19:54 Scout Tower
20:09 Scout Tower
20:18 Guard Tower
20:22 Scout Tower
20:22 Scout Tower
20:23 Scout Tower
20:24 Scout Tower
20:25 Scout Tower
20:26 Scout Tower
20:35 Town Hall
20:38 Guard Tower
20:44 Scout Tower
20:45 Scout Tower
20:45 Scout Tower
20:46 Scout Tower
21:27 Guard Tower
21:37 Scout Tower
21:37 Scout Tower
21:38 Scout Tower
21:39 Scout Tower
21:42 Scout Tower
21:43 Scout Tower
21:43 Scout Tower
21:44 Scout Tower
21:47 Guard Tower
21:49 Guard Tower
22:04 Guard Tower
22:41 Guard Tower
22:42 Scout Tower
22:44 Scout Tower
22:44 Scout Tower
22:48 Guard Tower
23:15 Arcane Tower
23:39 Guard Tower
23:41 Guard Tower
23:42 Scout Tower
23:44 Scout Tower
23:45 Scout Tower
23:46 Scout Tower
23:47 Scout Tower
23:48 Scout Tower
23:51 Scout Tower
23:52 Scout Tower
23:52 Scout Tower
23:53 Scout Tower
23:54 Scout Tower
24:00 Scout Tower
24:02 Scout Tower
24:05 Scout Tower
24:05 Scout Tower
24:08 Scout Tower
24:11 Scout Tower
24:13 Scout Tower
24:14 Scout Tower
24:16 Scout Tower
24:17 Scout Tower
24:19 Scout Tower
24:20 Scout Tower
24:20 Scout Tower
24:21 Scout Tower
24:22 Scout Tower
24:23 Scout Tower
24:27 Guard Tower
25:10 Guard Tower
25:13 Guard Tower
25:17 Guard Tower
25:22 Town Hall
25:33 Guard Tower
25:42 Scout Tower
25:43 Scout Tower
25:43 Scout Tower
25:44 Scout Tower
25:45 Scout Tower
25:45 Scout Tower
25:48 Scout Tower
25:48 Scout Tower
25:49 Scout Tower
25:50 Scout Tower
25:51 Scout Tower
25:53 Scout Tower
25:56 Guard Tower
26:04 Guard Tower
26:42 Scout Tower
26:43 Scout Tower
26:44 Scout Tower
26:45 Scout Tower
26:46 Scout Tower
26:48 Scout Tower
26:48 Scout Tower
26:49 Scout Tower
26:50 Scout Tower
26:51 Scout Tower
26:51 Scout Tower
27:00 Town Hall
27:06 Guard Tower
27:11 Guard Tower
27:29 Guard Tower
27:55 Guard Tower
27:58 Scout Tower
27:59 Scout Tower
27:59 Scout Tower
28:00 Scout Tower
28:01 Scout Tower
28:01 Scout Tower
28:02 Scout Tower
28:04 Scout Tower
28:05 Scout Tower
28:23 Guard Tower
28:29 Guard Tower
28:32 Guard Tower
28:34 Guard Tower
28:41 Guard Tower
28:43 Guard Tower
28:53 Scout Tower
28:54 Scout Tower
28:54 Scout Tower
28:55 Scout Tower
28:56 Scout Tower
28:57 Scout Tower
28:57 Scout Tower
28:58 Scout Tower
28:58 Scout Tower
29:10 Guard Tower
29:12 Scout Tower
29:29 Guard Tower
29:36 Guard Tower
29:40 Guard Tower
29:47 Guard Tower
29:58 Guard Tower
30:02 Guard Tower
30:39 Guard Tower
31:46 Guard Tower
32:13 Scout Tower
32:14 Scout Tower
32:15 Scout Tower
32:15 Scout Tower
32:16 Scout Tower
32:16 Scout Tower
32:17 Scout Tower
32:17 Scout Tower
33:04 Guard Tower
34:24 Guard Tower
42:22 Guard Tower
» items
| Staff of Teleportation | 1 | |
| Circlet of Nobility | 1 | |
| Boots of Speed | 1 | |
| Lesser Clarity Potion | 10 | |
| Healing Salve | 2 | |
| Orb of Lightning | 1 | |
| Potion of Healing | 6 | |
| Potion of Mana | 5 | |
27 total
team 2 (loser)

»
Antonin89 (
orange | 37 APM | 1086 actions | 29:34)
4 Keeper of the Grove
2 Entangling Roots
2 Thorns Aura
» actions
| Assign group hotkey | 26 | |
| Basic commands | 39 | |
| Build / train | 53 | |
| Enter build submenu | 18 | |
| Enter hero's abilities submenu | 4 | |
| Give item / drop item | 2 | |
| Right click | 426 | |
| Select / deselect | 327 | |
| Select group hotkey | 147 | |
| Use ability | 44 | |
1086 total
» units
| Wisp | 16 | |
| Huntress | 12 | |
| Mountain Giant | 6 | |
| Glaive Thrower | 9 | |
| Dryad | 2 | |
45 total
» upgrades
| Strength of the Wild | 1 | |
| Reinforced Hides | 1 | |
2 total
» buildings
| Altar of Elders | 1 | |
| Moon Well | 9 | |
| Ancient of War | 1 | |
| Hunter's Hall | 1 | |
| Tree of Ages | 1 | |
| Ancient of Wonders | 1 | |
| Ancient of Lore | 1 | |
| Ancient Protector | 1 | |
| Tree of Life | 1 | |
17 total
» build order
00:06 Altar of Elders
00:12 Moon Well
01:08 Ancient of War
01:36 Hunter's Hall
02:21 Moon Well
03:40 Moon Well
04:07 Moon Well
05:20 Moon Well
05:47 Tree of Ages
06:41 Moon Well
07:26 Moon Well
07:31 Ancient of Wonders
08:34 Ancient of Lore
10:57 Ancient Protector
11:27 Moon Well
18:07 Moon Well
19:23 Tree of Life
goldsztejn (
teal | 62 APM | 3213 actions | 51:35)
4 Blademaster
2 Wind Walk
2 Critical Strike
4 Shadow Hunter
2 Hex
2 Healing Wave
» actions
| Assign group hotkey | 28 | |
| Basic commands | 195 | |
| Build / train | 102 | |
| ESC pressed | 33 | |
| Enter build submenu | 93 | |
| Enter hero's abilities submenu | 8 | |
| Give item / drop item | 7 | |
| Right click | 1476 | |
| Select / deselect | 634 | |
| Select group hotkey | 398 | |
| Use ability | 239 | |
3213 total
» units
| Peon | 46 | |
| Grunt | 4 | |
| Troll Batrider | 2 | |
| Raider | 1 | |
| Kodo Beast | 2 | |
| Troll Witch Doctor | 7 | |
| Wind Rider | 1 | |
63 total
» upgrades
| Ensnare | 1 | |
| Witch Doctor Training | 2 | |
| War Drums Damage Increase | 1 | |
| Reinforced Defenses | 1 | |
5 total
» buildings
| Altar of Storms | 2 | |
| Orc Burrow | 10 | |
| Barracks | 1 | |
| Voodoo Lounge | 2 | |
| Stronghold | 2 | |
| Spirit Lodge | 1 | |
| Beastiary | 4 | |
| War Mill | 2 | |
| Fortress | 1 | |
| Watch Tower | 60 | |
| Great Hall | 3 | |
88 total
» build order
00:06 Altar of Storms
00:19 Orc Burrow
00:37 Barracks
01:47 Voodoo Lounge
02:03 Orc Burrow
03:52 Stronghold
05:01 Orc Burrow
06:25 Spirit Lodge
06:33 Beastiary
06:48 War Mill
07:19 Fortress
09:06 Orc Burrow
12:02 Orc Burrow
14:37 Watch Tower
14:41 Watch Tower
15:49 Watch Tower
15:52 Watch Tower
20:48 Watch Tower
20:49 Watch Tower
20:51 Watch Tower
20:53 Watch Tower
20:56 Watch Tower
21:55 Watch Tower
21:59 Watch Tower
22:02 Watch Tower
22:06 Watch Tower
23:08 Beastiary
23:11 Beastiary
23:15 Beastiary
25:56 Great Hall
25:59 Watch Tower
26:01 Watch Tower
26:03 Watch Tower
26:05 Watch Tower
26:08 Watch Tower
26:17 Orc Burrow
26:29 Orc Burrow
27:34 Watch Tower
27:37 Watch Tower
27:40 Watch Tower
28:02 Watch Tower
28:32 Orc Burrow
29:50 Voodoo Lounge
30:08 Orc Burrow
30:13 Orc Burrow
31:13 Great Hall
31:34 Watch Tower
32:34 Watch Tower
32:36 Watch Tower
32:37 Watch Tower
33:58 Stronghold
40:23 War Mill
41:38 Watch Tower
41:39 Watch Tower
41:41 Watch Tower
41:47 Watch Tower
41:49 Watch Tower
41:53 Watch Tower
41:55 Watch Tower
42:44 Great Hall
42:55 Watch Tower
42:58 Watch Tower
43:00 Watch Tower
43:03 Watch Tower
43:25 Watch Tower
43:42 Watch Tower
43:44 Watch Tower
44:48 Watch Tower
44:49 Watch Tower
44:50 Watch Tower
44:51 Watch Tower
44:53 Watch Tower
44:56 Watch Tower
46:06 Watch Tower
46:07 Watch Tower
46:09 Watch Tower
46:12 Watch Tower
46:13 Watch Tower
46:15 Watch Tower
46:16 Watch Tower
46:19 Watch Tower
46:24 Watch Tower
46:28 Watch Tower
49:18 Altar of Storms
49:27 Watch Tower
49:31 Watch Tower
49:33 Watch Tower
49:42 Watch Tower
» items
| Scroll of Speed | 1 | |
| Healing Salve | 5 | |
| Boots of Speed | 1 | |
| Circlet of Nobility | 2 | |
| Potion of Mana | 1 | |
| Orb of Lightning | 1 | |
| Potion of Lesser Invulnerability | 2 | |
| Tiny Great Hall | 1 | |
| Staff of Teleportation | 1 | |
| Lesser Clarity Potion | 2 | |
| Scroll of Town Portal | 1 | |
| Potion of Healing | 1 | |
19 total
KingOfUds (
pink | 53 APM | 2762 actions | 52:10)
5 Archmage
3 Summon Water Elemental
2 Brilliance Aura
3 Mountain King
2 Storm Bolt
1 Bash
» actions
| Assign group hotkey | 11 | |
| Basic commands | 60 | |
| Build / train | 183 | |
| Enter build submenu | 76 | |
| Enter hero's abilities submenu | 10 | |
| Right click | 1398 | |
| Select / deselect | 893 | |
| Select group hotkey | 2 | |
| Use ability | 129 | |
2762 total
» units
| Peasant | 42 | |
| Footman | 5 | |
| Forest Troll Shadow Priest | 1 | |
| Gryphon Rider | 8 | |
| Dragonhawk Rider | 6 | |
| Sorceress | 3 | |
| Siege Engine | 7 | |
| Flying Machine | 62 | |
134 total
» upgrades
| Swords | 3 | |
| Armor | 2 | |
| Storm Hammers | 1 | |
| Masonry | 3 | |
| Lumber Harvesting | 1 | |
| Cloud | 1 | |
| Magic Sentry | 1 | |
| Barrage | 1 | |
| Gunpowder | 2 | |
| Plating | 2 | |
| Flak Cannons | 1 | |
| Flying Machine Bombs | 1 | |
19 total
» buildings
| Altar of Kings | 2 | |
| Farm | 24 | |
| Barracks | 1 | |
| Arcane Vault | 1 | |
| Keep | 4 | |
| Lumber Mill | 2 | |
| Castle | 2 | |
| Blacksmith | 2 | |
| Town Hall | 3 | |
| Gryphon Aviary | 2 | |
| Arcane Sanctum | 1 | |
| Scout Tower | 26 | |
| Guard Tower | 10 | |
| Workshop | 2 | |
| Cannon Tower | 1 | |
83 total
» build order
00:07 Altar of Kings
00:20 Farm
00:56 Farm
00:58 Farm
01:05 Barracks
01:10 Farm
01:49 Arcane Vault
02:54 Keep
02:54 Keep
04:32 Lumber Mill
05:24 Castle
05:37 Farm
05:42 Farm
05:59 Blacksmith
09:01 Town Hall
09:35 Farm
09:38 Farm
10:17 Farm
10:21 Gryphon Aviary
10:33 Gryphon Aviary
10:58 Farm
11:37 Farm
18:08 Farm
21:13 Town Hall
23:11 Arcane Sanctum
24:28 Scout Tower
25:27 Guard Tower
25:30 Scout Tower
26:10 Guard Tower
26:12 Scout Tower
26:38 Scout Tower
26:42 Scout Tower
26:52 Workshop
27:03 Guard Tower
27:15 Scout Tower
27:18 Guard Tower
27:19 Guard Tower
28:31 Guard Tower
29:03 Town Hall
29:22 Workshop
31:36 Scout Tower
32:25 Guard Tower
34:02 Scout Tower
34:46 Scout Tower
37:19 Keep
37:36 Altar of Kings
37:45 Scout Tower
39:08 Farm
39:13 Farm
39:15 Farm
39:17 Farm
39:43 Castle
40:20 Farm
40:29 Farm
40:29 Farm
40:31 Farm
42:00 Scout Tower
42:05 Scout Tower
42:28 Blacksmith
42:40 Cannon Tower
42:55 Scout Tower
43:00 Scout Tower
43:05 Scout Tower
43:10 Scout Tower
43:18 Scout Tower
43:47 Lumber Mill
44:52 Guard Tower
45:05 Scout Tower
45:08 Scout Tower
45:23 Farm
45:29 Farm
45:33 Farm
45:49 Guard Tower
46:09 Farm
46:14 Scout Tower
46:19 Scout Tower
46:22 Scout Tower
46:35 Scout Tower
46:54 Guard Tower
46:57 Scout Tower
47:13 Scout Tower
47:20 Scout Tower
» items
| Scroll of Regeneration | 1 | |
| Lesser Clarity Potion | 1 | |
2 total
Tai-Tai (
green | 142 APM | 7332 actions | 51:46)
5 Warden
3 Shadow Strike
2 Fan of Knives
3 Keeper of the Grove
2 Entangling Roots
1 Thorns Aura
» actions
| Assign group hotkey | 406 | |
| Build / train | 100 | |
| Enter build submenu | 36 | |
| Enter hero's abilities submenu | 8 | |
| Give item / drop item | 1 | |
| Remove unit from queue | 4 | |
| Right click | 4285 | |
| Select / deselect | 603 | |
| Select group hotkey | 1749 | |
| Use ability | 140 | |
7332 total
» units
| Wisp | 21 | |
| Archer | 6 | |
| Dryad | 5 | |
| Druid of the Claw | 4 | |
| Chimaera | 4 | |
| Hippogryph | 9 | |
| Mountain Giant | 6 | |
55 total
» upgrades
| Ultravision | 1 | |
| Moon Armor | 2 | |
| Strength of the Moon | 1 | |
| Improved Bows | 1 | |
| Abolish Magic | 1 | |
| Marksmanship | 1 | |
| Well Spring | 1 | |
| Druid of the Claw Training | 2 | |
| Corrosive Breath | 1 | |
| Mark of the Claw | 1 | |
| Hardened Skin | 1 | |
13 total
» buildings
| Altar of Elders | 1 | |
| Moon Well | 7 | |
| Ancient of War | 1 | |
| Ancient of Wonders | 2 | |
| Hunter's Hall | 1 | |
| Tree of Ages | 3 | |
| Ancient of Lore | 1 | |
| Ancient Protector | 8 | |
| Tree of Eternity | 1 | |
| Tree of Life | 3 | |
| Ancient of Wind | 2 | |
| Chimaera Roost | 2 | |
32 total
» build order
00:04 Altar of Elders
00:10 Moon Well
00:52 Ancient of War
01:34 Ancient of Wonders
01:53 Moon Well
03:35 Hunter's Hall
03:39 Tree of Ages
03:39 Tree of Ages
03:40 Tree of Ages
06:12 Ancient of Lore
06:58 Moon Well
07:05 Ancient Protector
07:07 Tree of Eternity
10:43 Moon Well
14:20 Tree of Life
15:22 Ancient of Wind
15:26 Ancient of Wind
17:18 Ancient Protector
17:21 Ancient Protector
19:04 Ancient Protector
19:21 Ancient Protector
19:33 Chimaera Roost
19:36 Chimaera Roost
21:46 Moon Well
21:49 Moon Well
34:08 Tree of Life
34:13 Ancient Protector
34:14 Ancient Protector
34:16 Ancient Protector
38:56 Tree of Life
41:01 Moon Well
44:03 Ancient of Wonders
» items
| Dust of Appearance | 4 | |
| Scroll of Town Portal | 2 | |
| Orb of Venom | 1 | |
| Potion of Healing | 4 | |
| Potion of Mana | 2 | |
| Potion of Lesser Invulnerability | 1 | |
| Scroll of Healing | 1 | |
| Periapt of Vitality | 1 | |
16 total
Chat log
(00:26 / Allies) GoToYurup: share up if you care up
(01:00 / All) MyCreation: disgestive biscuts arent very good........
(01:11 / All) Tai-Tai: i can't agree more
(01:24 / All) Antonin89: qui ?
(01:29 / Allies) GoToYurup: hobnobs are the best
(01:41 / Allies) MyCreation: i like oatmeal hobnobs
(01:46 / Allies) GoToYurup: chocolate covered ok
(02:04 / Allies) MyCreation: and lemon flavored lucozade..................
(02:27 / Allies) NUTSONyoCHIN.de: HEY BABy u wanna taste my hobnob..
(02:45 / Allies) MyCreation: sounds like a metaphor for your penis, so no....
(03:36 / All) Antonin89: pffff
(03:56 / All) KingOfUds: CTE CIRCLE
(03:58 / Allies) cinnamontoast: TIMGilla
(04:00 / All) MyCreation: what?
(04:01 / Allies) NUTSONyoCHIN.de: YES
(04:02 / Allies) NUTSONyoCHIN.de: yes
(04:03 / All) KingOfUds: I AM SKY MAN
(04:52 / All) MyCreation: anyone know what cte circle means....?
(05:04 / All) Antonin89: constantes des aires
(05:15 / All) MyCreation: you arent helping
(05:17 / All) goldsztejn: he meant surround
(05:25 / All) Antonin89: 2eme loi de Kepler
(05:31 / All) MyCreation: anyone know what surround means>
(05:33 / All) MyCreation: ?
(05:34 / All) Antonin89: faut appliquer le TMC
(05:38 / All) Antonin89: Tu passes au log
(06:09 / All) MyCreation: i dont think orange is spearking english....
(06:16 / All) Antonin89: indeed
(06:19 / All) MyCreation: i think hes speaking STUPID
(06:20 / All) MyCreation: LOLOL
(06:22 / All) Tai-Tai: he's not spearking at all
(06:39 / Allies) cinnamontoast: brb
(06:39 / Allies) cinnamontoast: fuck
(07:04 / Allies) MyCreation: greedy.....
(07:09 / Allies) NUTSONyoCHIN.de: ALL belong 2 me
(07:16 / Allies) NUTSONyoCHIN.de: thou snoozeth thou loseth
(07:55 / All) GoToYurup: good surround
(07:56 / All) GoToYurup: NOT
(08:01 / All) GoToYurup: -boorat
(09:04 / Allies) MyCreation: josh never shares
(09:08 / Allies) MyCreation: he doesnt care....
(09:45 / Allies) GoToYurup: lumb me sum1
(12:55 / Allies) MyCreation: hackerend............
(15:20 / Allies) MyCreation: so are we just towering?
(15:23 / Allies) NUTSONyoCHIN.de: ofc
(15:37 / Allies) MyCreation: good because i wasnt getting units
(20:55 / Allies) MyCreation: amidorite
(21:20 / Allies) MyCreation: sorcs in my base
(21:28 / Allies) GoToYurup: more likely than you think
(22:10 / Allies) MyCreation: tim
(22:14 / Allies) NUTSONyoCHIN.de: wut
(22:19 / Allies) MyCreation: take it
(22:24 / Allies) NUTSONyoCHIN.de: take what
(22:29 / Allies) MyCreation: mine
(22:38 / Allies) NUTSONyoCHIN.de: in a sec
(24:12 / Allies) MyCreation: jesus
(25:51 / Allies) MyCreation: rofl
(26:17 / All) GoToYurup: no. u
(34:02 / Allies) NUTSONyoCHIN.de: flak trooper reporting